Map: Lerilak Crest

Players

TgfB

  • Race: Protoss Protoss
  • League: Diamond

Matiz - Winner!

  • Race: Zerg Zerg
  • League: Master

Event: Lycan League Weekly August #2

VOD

Have the link to the VOD?

Description

Time

  • Played on: Aug. 10, 2015, 1:14 p.m.
  • Length: 12:17

All games in this series

Show
View Real Time Build Order
Export as new Build Order

TgfB Protoss 

Build Orders: 1 Gate Expand, Oracle Opening 

Get SALT Encoding   

  12  0:01  Probe  
  13  0:14  Pylon  
  13  0:18  Probe  
  14  0:32  Probe  
  15  0:43  Gateway  
  15  0:44  Probe (Chrono Boost)  
  16  0:54  Probe (Chrono Boost), Assimilator  
  17  1:01  Probe  
  18  1:13  Probe  
  19  1:21  Pylon  
  19  1:35  Nexus  
  19  1:37  Probe  
  20  1:49  Probe (Chrono Boost)  
  20  1:51  Cybernetics Core  
  21  2:01  Probe (Chrono Boost)  
  22  2:05  Assimilator  
  22  2:07  Probe (Chrono Boost)  
  23  2:17  Pylon  
  23  2:18  Probe (Chrono Boost)  
  26  2:32  Adept  
  26  2:33  Mothership Core (Chrono Boost)  
  28  2:43  Pylon, Warp Gate  
  29  2:46  Probe (Chrono Boost)  
  29  2:50  Probe (Chrono Boost)  
  31  3:00  Probe x2 (Chrono Boost)  
  32  3:07  Probe (Chrono Boost)  
  32  3:09  Gateway, Probe (Chrono Boost)  
  34  3:13  Stargate  
  34  3:19  Probe (Chrono Boost)  
  35  3:21  Adept  
  35  3:26  Probe (Chrono Boost)  
  39  3:28  Probe (Chrono Boost)  
  40  3:35  Probe (Chrono Boost)  
  40  3:36  Probe (Chrono Boost)  
  40  3:38  Pylon  
  41  3:44  Probe (Chrono Boost)  
  43  3:49  Probe (Chrono Boost)  
  43  3:50  Assimilator  
  43  3:53  Assimilator  
  43  3:54  Probe (Chrono Boost)  
  44  3:58  Probe (Chrono Boost), Oracle (Chrono Boost)  
  44  4:01  Probe  
  49  4:08  Gateway, Probe  
  50  4:10  Pylon  
  50  4:13  Probe  
  49  4:20  Probe  
  50  4:26  Oracle (Chrono Boost)  
  53  4:32  Mothership Core (Chrono Boost), Protoss Air Weapons Level 1  
  55  4:54  Adept  
  57  5:00  Probe x2  
  57  5:01  Pylon  
  57  5:02  Adept  
  57  5:05  Nexus  
  61  5:07  Pylon  
  61  5:08  Stargate  
  61  5:12  Probe x2  
  63  5:15  Adept x2  
  63  5:20  Void Ray (Chrono Boost)  
  71  5:24  Probe x2  
  73  5:36  Probe x2  
  73  5:38  Sentry  
  73  5:41  Assimilator  
  77  5:45  Assimilator  
  77  5:48  Probe x2, Pylon  
  79  5:54  Void Ray (Chrono Boost)  
  87  6:02  Void Ray (Chrono Boost)  
  87  6:03  Probe (Chrono Boost)  
  89  6:07  Probe (Chrono Boost)  
  89  6:08  Forge  
  89  6:13  Probe (Chrono Boost)  
  89  6:16  Probe (Chrono Boost)  
  91  6:20  Probe  
  91  6:24  Void Ray  
  91  6:25  Sentry, Probe  
  96  6:26  Adept x2  
  96  6:27  Probe, Protoss Air Armor Level 1  
  104  6:33  Probe x2  
  107  6:40  Probe (Chrono Boost)  
  107  6:43  Void Ray  
  112  6:48  Probe x2 (Chrono Boost)  
  112  6:52  Probe (Chrono Boost)  
  114  6:58  Pylon  
  114  7:02  Twilight Council, Pylon  
  114  7:03  Pylon  
  114  7:16  Probe x2, Void Ray (Chrono Boost)  
  114  7:18  Pylon  
  114  7:19  Pylon  
  120  7:28  Void Ray (Chrono Boost)  
  121  7:40  Gateway, Adept x2  
  121  7:41  Gateway, Adept  
  121  7:42  Gateway  
  121  7:43  Protoss Ground Weapons Level 1  
  127  7:49  Templar Archives  
  127  7:54  Void Ray (Chrono Boost)  
  131  8:01  Pylon  
  131  8:03  Pylon  
  135  8:06  Adept x3, Void Ray (Chrono Boost)  
  141  8:13  Psionic Storm  
  141  8:14  Shield Upgrade (Chrono Boost)  
  141  8:28  Pylon  
  141  8:30  Void Ray  
  145  8:35  Photon Cannon  
  145  8:41  Pylon, High Templar x2  
  145  8:46  Adept  
  151  8:55  Pylon  
  151  8:57  High Templar  
  151  8:58  Pylon  
  151  9:00  Pylon  
  151  9:02  Adept x2  
  157  9:06  Gateway  
  157  9:09  Gateway  
  155  9:10  Nexus  
  155  9:13  Photon Cannon  
  153  9:19  Adept  
  153  9:21  Void Ray x2 (Chrono Boost)  
  163  9:24  Pylon  
  163  9:25  High Templar  
  165  9:33  Adept x2  
  169  9:44  Photon Cannon  
  169  9:45  Photon Cannon  
  169  9:47  Photon Cannon  
  169  9:51  Pylon  
  167  9:57  Void Ray  
  167  9:58  Void Ray  
  173  10:03  Fleet Beacon  
  173  10:09  Adept x4  
  179  10:17  Stalker x2  
  181  10:23  Zealot x2  
  177  10:40  Stalker  
  177  10:41  Stalker x4  
  170  10:54  High Templar x2  
  154  11:13  Nexus  
  154  11:14  Adept x2  
  154  11:15  Adept x2  
  164  11:40  Nexus  
  164  11:45  Robotics Facility  
  152  12:05  Adept x4  
  152  12:06  Adept  
Show
View Real Time Build Order
Export as new Build Order

Matiz Zerg - Winner!

Build Orders: Hatch First, Lurkers 

Get SALT Encoding   

  12  0:01  Drone  
  13  0:13  Overlord  
  13  0:18  Drone  
  14  0:24  Drone, Extractor  
  15  0:32  Drone  
  16  0:36  Drone  
  17  0:53  Hatchery  
  17  0:56  Drone  
  17  0:58  Drone  
  18  1:11  Spawning Pool  
  18  1:13  Drone  
  19  1:18  Drone  
  19  1:27  Extractor  
  19  1:30  Drone  
  19  1:40  Drone  
  19  1:46  Hatchery  
  19  1:59  Queen  
  21  2:05  Queen  
  21  2:06  Zergling x2  
  24  2:09  Drone  
  24  2:13  Drone  
  26  2:18  Overlord  
  26  2:21  Drone  
  27  2:24  Drone  
  28  2:30  Metabolic Boost  
  28  2:39  Drone x3  
  31  2:52  Overlord  
  31  2:53  Drone  
  31  2:55  Drone  
  33  3:01  Drone x2  
  33  3:03  Queen  
  37  3:09  Drone x4  
  37  3:10  Drone  
  42  3:16  Drone x3  
  42  3:17  Drone  
  46  3:24  Overlord  
  46  3:26  Queen  
  48  3:34  Roach Warren  
  48  3:35  Drone x2  
  48  3:36  Drone  
  50  3:42  Overlord  
  50  3:46  Drone x2  
  51  3:49  Zergling x6  
  51  3:54  Zergling x4  
  56  3:58  Drone  
  56  3:59  Overlord  
  56  4:02  Extractor  
  56  4:10  Drone  
  56  4:11  Drone x4  
  56  4:12  Lair  
  56  4:14  Extractor  
  56  4:16  Extractor  
  59  4:19  Drone x4  
  59  4:20  Overlord  
  59  4:21  Drone  
  59  4:22  Drone x2, Extractor  
  65  4:29  Evolution Chamber  
  64  4:31  Drone x2  
  64  4:36  Spore Crawler  
  65  4:39  Spore Crawler  
  65  4:41  Spore Crawler  
  65  4:42  Drone  
  65  4:43  Drone x3  
  67  4:47  Drone x3  
  67  4:48  Drone  
  69  4:56  Drone x3  
  69  4:57  Drone x3  
  69  4:59  Extractor  
  74  5:02  Zerg Missile Weapons Level 1  
  74  5:06  Drone x5  
  79  5:09  Glial Reconstitution  
  79  5:12  Evolution Chamber  
  79  5:14  Drone x2, Hydralisk Den  
  76  5:16  Drone  
  79  5:26  Overlord x2  
  79  5:30  Lurker Den  
  79  5:32  Drone x3  
  82  5:37  Overseer  
  82  5:38  Hatchery  
  82  5:41  Overlord x2  
  81  5:45  Hydralisk  
  81  5:46  Hydralisk  
  85  5:50  Hydralisk  
  85  5:51  Hydralisk  
  85  5:56  Hydralisk x3  
  90  6:02  Zerg Ground Armor Level 1  
  90  6:04  Hydralisk x2  
  98  6:18  Hydralisk  
  98  6:19  Hydralisk x6  
  112  6:37  Overlord x2  
  112  6:38  Overlord x2  
  112  6:43  Overlord x2  
  112  6:46  Infestation Pit  
  111  6:49  Overlord x2  
  111  6:50  Overlord  
  111  6:53  Overlord  
  111  6:58  Drone x7  
  118  7:04  Extractor, Zerg Missile Weapons Level 2, Muscular Augments  
  118  7:06  Extractor  
  116  7:11  Roach x3  
  122  7:18  Drone x3  
  122  7:19  Drone x2  
  122  7:20  Drone  
  128  7:24  Hatchery  
  128  7:27  Hive  
  127  7:34  Roach x6  
  127  7:35  Roach  
  141  7:38  Overseer  
  141  7:48  Drone x2  
  143  7:58  Zerg Ground Armor Level 2  
  143  7:59  Overlord  
  143  8:00  Spire  
  142  8:08  Roach x5  
  142  8:09  Roach x3  
  142  8:11  Lurker x3  
  142  8:12  Lurker  
  162  8:28  Extractor  
  162  8:32  Extractor  
  161  8:34  Hydralisk x5, Roach x2  
  161  8:35  Hydralisk x2, Roach x6  
  189  8:42  Drone  
  189  8:46  Viper  
  189  8:48  Viper  
  196  9:00  Hydralisk x2  
  199  9:20  Zerg Flyer Weapons Level 1  
  199  9:25  Zerg Missile Weapons Level 3  
  198  9:56  Spine Crawler  
  198  9:57  Spine Crawler  
  198  9:58  Spore Crawler, Spine Crawler, Drone x3  
  197  10:00  Spore Crawler  
  197  10:02  Viper  
  197  10:06  Overseer  
  194  10:22  Viper  
  195  10:32  Viper  
  195  10:33  Viper  
  169  10:56  Hydralisk x4  
  169  10:57  Hydralisk x3  
  161  11:01  Hydralisk x12  
  161  11:02  Hydralisk x8  
  197  11:08  Lurker  
  197  11:09  Lurker x2, Ultralisk Cavern  
  194  11:21  Overlord  
  194  11:24  Hydralisk  
  194  11:25  Hydralisk x4  
  192  11:35  Corruptor x4  

Tags
 
Add a new tag
Caveats
  • Supply blocks, unpowered buildings, or Contaminate may cause inaccurate times.
  • Supply counts are checked every 10 seconds.